 Dungeon Crawl Stone Soup version 0.27-a0-984-g00e00afbbc (webtiles) character file.

Game seed: 9235538201825371894

49 Froggeryz the Magician (level 3, 0/40 HPs)
             Began as a Djinni Fire Elementalist on Apr 15, 2021.
             Slain by a hobgoblin (3 damage)
             ... on level 2 of the Dungeon.
             The game lasted 00:02:23 (1656 turns).

Froggeryz the Magician (Djinni Fire Elementalist)   Turns: 1656, Time: 00:02:25

Health: 0/40       AC: 21    Str:  4 (7)  XL:     3   Next: 77%
Gold:   129        EV:  2    Int: 16 (17) God:
                   SH:  0    Dex: 11 (13)

rFire    . . .     SeeInvis .   i - +4 hand axe
rCold    . . .     Faith    .   (no shield)
rNeg     + + +     Spirit   .   (armour currently unavailable)
rPois    ∞         Reflect  .   (helmet currently unavailable)
rElec    .         Harm     .   (cloak currently unavailable)
rCorr    .         Rampage  .   (gloves currently unavailable)
Will     .....     NoTele   +   (boots unavailable)
Stlth    ++........             (no amulet)
HPRegen  0.13/turn              (no ring)
MPRegen  0.00/turn              (no ring)

@: tree-form, hasted, very quick
A: stationary, stasis, torment immunity, boosted hp, (fire resistance 2), (cold
vulnerability 1), float, innate caster, hp casting, extra vitality 1
a: no special abilities


You were on level 2 of the Dungeon.
You were a tree.
You visited 1 branch of the dungeon, and saw 2 of its levels.

You collected 129 gold pieces.

Inventory:

Hand Weapons
 i - a +4 hand axe (weapon)
Armour
 a - a +0 robe (melded)
 b - a scarf of shadows (melded)
Jewellery
 h - a ring of willpower
Scrolls
 f - a scroll of vulnerability {unknown}
 g - 3 scrolls of identify {unknown}
Potions
 e - a potion of degeneration


   Skills:
 + Level 1.6 Fighting
 - Level 2.1 Dodging
 - Level 1.5 Stealth
 * Level 3.6 Spellcasting


You couldn't memorise any spells.
You knew the following spells:

 Your Spells              Type           Power      Damage    Failure   Level
a - Foxfire               Conj/Fire      56%        2x1d6     4%          1
b - Conjure Flame         Conj/Fire      14%        6-21      12%         3
c - Inner Flame           Hex/Fire       14%        N/A       12%         3
d - Sticky Flame          Conj/Fire      14%        2d4       36%         4
e - Fireball              Conj/Fire      7%         3d5       73%         5
f - Magic Dart            Conj           56%        1d5       4%          1
Your spell library was empty.

Dungeon Overview and Level Annotations

Branches:
Dungeon (2/15)

Altars:


Innate Abilities, Weirdness & Mutations

You are a tree.
Your roots penetrate the ground, keeping you stationary.
You cannot be teleported.
You are immune to unholy pain and torment.
Your maximum health is greatly increased.
Your equipment is partially melded.
You are immune to poison.
((Your flesh is very heat resistant. (rF++)))
((You are vulnerable to cold. (rC-)))
You float through the air rather than walking.
You learn spells naturally, not from books.
Your magical power is your life essence.
You have superior vitality. (+4 HP)


Message History

Unknown command.
You hit the hobgoblin.
The hobgoblin is moderately wounded.
You hit the jackal. The jackal completely misses you. The hobgoblin hits you.
Casting: Foxfire (safe; 3% risk of failure)
Confirm with . or Enter, or press ? or * to list all spells.
You conjure some foxfire!
The foxfire hits the jackal.
The jackal is moderately wounded.
The jackal barely misses you. The hobgoblin hits you.
* * * LOW HITPOINT WARNING * * *
The jackal bites you.
* * * LOW HITPOINT WARNING * * *
Your foxfire dissipates!
It was a potion of degeneration.
There was something very wrong with that liquid.
You feel weakened.
You feel dopey.
You feel clumsy. The jackal closely misses you.
The hobgoblin closely misses you. The jackal completely misses you.
It was a potion of lignification.
You turn into a tree.
Your scarf of shadows melds into your body.
Your +0 robe melds into your body.
The dungeon's light returns to normal.
Your roots penetrate the ground.
The jackal bites you.
* * * LOW HITPOINT WARNING * * *
The jackal barely misses you.
The hobgoblin hits you but does no damage.
The jackal bites you but does no damage. x2
It was a potion of haste.
You feel yourself speed up.
The hobgoblin hits you but does no damage.
The jackal bites you but does no damage. x2
It was a potion of flight.
Your roots keep you in place.
The jackal bites you but does no damage.
The hobgoblin hits you but does no damage.
The jackal bites you but does no damage.
Casting: Foxfire (safe; 4% risk of failure)
Confirm with . or Enter, or press ? or * to list all spells.
You conjure some foxfire!
* * * LOW HITPOINT WARNING * * *
The jackal bites you but does no damage.
The jackal barely misses you. The hobgoblin hits you.
You die...

#.# #####.. #.# #...... #.#
#......
###.##########......
#..†........##......
#.#.#######.##..<...
#.#†......#.##......
#.#gh####.#.##...(.. #.#♣h#
#.#.##....†. # #.#vv#
#.#.##...... #.#.#..#
#.#.######## #.#.#### #.#.#
#.#'#### #.#.# #......#
#.#.######## #......#
#.#.........
#......####.#######...
######'#.#.....#.#######...


You could see 2 jackals and a hobgoblin.

Vanquished Creatures
  An adder (D:2)
  2 dart slugs
  5 ball pythons
  3 endoplasms
  A giant cockroach (D:1)
  2 goblins (D:1)
  5 hobgoblins
  2 jackals (D:2)
  2 quokkas (D:2)
  2 frilled lizards (D:1)
  4 kobolds
  5 rats (D:1)
34 creatures vanquished.

Vanquished Creatures (others)
  95 foxfires
95 creatures vanquished.

Grand Total: 129 creatures vanquished

Notes
Turn   | Place    | Note
-------+----------+-------------------------------------------
     0 | D:1      | Froggeryz the Djinni Fire Elementalist began the quest for
                  | the Orb.
     0 | D:1      | Reached XP level 1. HP: 15/15 MP: 0/0
   214 | D:1      | Reached skill level 3 in Spellcasting
   214 | D:1      | Reached XP level 2. HP: 18/22 MP: 0/0
   412 | D:1      | Reached skill level 1 in Fighting
  1096 | D:2      | Reached XP level 3. HP: 24/27 MP: 0/0
  1096 | D:2      | Learned a level 1 spell: Magic Dart
  1656 | D:2      | Slain by a hobgoblin

Illustrated notes

Levels and vault maps discovered:
D:1:      dpeg_arrival_round_a, layout_basic
D:2:      layout_basic, hellmonk_ecumenical_altar_prayer_group, uniq_sigmund

Skill      XL: |  1  2 |
---------------+-------+-----
Spellcasting   | 3 |  3.6
Fighting       | 1 |  1.6
Dodging        | |  2.1
Stealth        | |  1.5

Action                   || total
-------------------------++-------
Melee: Hand axe          ||    10
       Unarmed           ||     2
 Cast: Foxfire           ||    62
  Use: Potion            ||     4
Armor: Skin              ||    10
       Robe              ||     2
Dodge: Dodged            ||    29

Table legend: (Time is in decaauts)
 A = Elapsed time spent in this place.
 B = Non-inter-level travel time spent in this place.
 C = Inter-level travel time spent in this place.
 D = Time resting spent in this place.
 E = Time spent auto-exploring this place.
 F = Levels seen in this place.
 G = Mean time per level.
                   A        B        C        D        E       F      G
               +--------+--------+--------+--------+--------+-----+--------+
         Total |   1657 |   1647 |     10 |     52 |   1396 |   2 |  828.5 |
       Dungeon |   1657 |   1647 |     10 |     52 |   1396 |   2 |  828.5 |
               +--------+--------+--------+--------+--------+-----+--------+

Top non-repeatable levels by time:
     D:1: 1061 daAuts
     D:2: 596 daAuts
